 Dungeon Crawl Stone Soup version 0.27.1-2-g3b301248ec (webtiles) character file.

Game seed: 5947637073659319365

3441 ABBCCCDDDD the Sneak (level 10, 0/68 HPs)
             Began as an Octopode Abyssal Knight on Sept 24, 2021.
             Was an Elder of Lugonu.
             Killed by nerve-wracking pain
             ... invoked by an orc priest
              (13 damage)
             ... on level 9 of the Dungeon.
             The game lasted 00:22:07 (9617 turns).

ABBCCCDDDD the Sneak (Octopode Abyssal Knight)      Turns: 9617, Time: 00:22:08

Health: 0/68       AC:  1    Str: 12    XL:     10   Next: 5%
Magic:  15/15      EV: 13    Int: 17    God:    Lugonu [****..]
Gold:   135        SH:  0    Dex: 12    Spells: 10/13 levels left

rFire    . . .     SeeInvis .   k - +1 dagger (protect)
rCold    . . .     Faith    .   (no shield)
rNeg     . . .     Spirit   .   (helmet restricted)
rPois    .         Reflect  .   (no amulet)
rElec    .         Harm     .   g - ring of flight
rCorr    .         Rampage  .   (no ring)
Will     .....                  (no ring)
Stlth    +++++.....             (no ring)
HPRegen  0.21/turn              (no ring)
MPRegen  0.14/turn              (no ring)
                                (no ring)
                                (no ring)

@: flying
A: almost no armour, amphibious, 8 rings, camouflage 1, gelatinous body 1,
(nimble swimmer 1), tentacles
a: Renounce Religion, Depart the Abyss, Bend Space, Banish, Corrupt


You were on level 9 of the Dungeon.
You worshipped Lugonu.
Lugonu was greatly pleased with you.
You visited 1 branch of the dungeon, and saw 9 of its levels.
You visited the Abyss 1 time.
You also visited: Ossuary.

You collected 691 gold pieces.
You spent 556 gold pieces at shops.

Inventory:

Hand Weapons
 b - a +1 short sword of flaming
 k - a +1 dagger of protection (weapon)
 m - a +3 dagger
 t - a +7 dagger of pain
Missiles
 i - 7 atropa-tipped darts
 o - 8 boomerangs
 A - 3 poisoned darts (quivered)
 C - 2 boomerangs of dispersal
 F - 2 throwing nets
Jewellery
 g - a ring of flight (left tentacle)
Wands
 w - a wand of flame (10)
 z - a wand of iceblast (6)
Scrolls
 e - 6 scrolls of teleportation
 h - 2 scrolls of magic mapping
 q - 3 scrolls of amnesia
 r - 2 scrolls of vulnerability {unknown}
 s - a scroll of fear
 v - 2 scrolls of immolation {unknown}
 E - a scroll of brand weapon {unknown}
 G - a scroll of holy word {unknown}
 H - a scroll of fog {unknown}
Potions
 c - 3 potions of mutation {unknown}
 d - 7 potions of curing
 f - 2 potions of flight {unknown}
 j - 3 potions of haste {unknown}
 l - a potion of might {unknown}
 n - 2 potions of degeneration {unknown}
 u - 2 potions of ambrosia {unknown}
 x - 2 potions of brilliance {unknown}
 B - a potion of invisibility {unknown}
 D - a potion of magic {unknown}


   Skills:
 - Level 6.0 Fighting
 + Level 3.5 Short Blades
 - Level 2.3 Dodging
 + Level 7.9 Stealth
 - Level 2.0 Unarmed Combat
 - Level 2.0 Spellcasting
 + Level 3.7 Conjurations
 + Level 3.8 Air Magic
 + Level 4.5 Poison Magic
 * Level 7.4 Invocations
 - Level 5.0 Evocations


You had 10 spell levels left.
You knew the following spells:

 Your Spells              Type           Power      Damage    Failure   Level
a - Mephitic Cloud        Conj/Pois/Air  15%        N/A       11%         3

Your spell library contained the following spells:

 Spells                   Type           Power      Damage    Failure   Level
 Ignite Poison            Fire/Tmut/Pois 6%         N/A       30%         3
 Bolt of Magma            Conj/Fire/Erth 2%         4d4       97%         5


Dungeon Overview and Level Annotations

Branches:
Dungeon (9/15)             Temple (0/1) D:7         Ossuary (visited)
   Lair: D:8-11         Orc: D:9-12

Altars:
Gozag
Makhleb
Sif Muna

Shops:
D:1 ?   D:4 *   D:5 *   D:7 *

Annotations:
D:5 1 runed translucent door, DiogoH's ghost, novice GrFi
D:8 Erica; Harold


Innate Abilities, Weirdness & Mutations

You cannot wear most types of armour.
You are amphibious.
You can wear up to eight rings at the same time.
Your skin changes colour to match your surroundings (Stealth+).
Your rubbery body absorbs attacks. (AC +1, EV +1)
((You are camouflaged near water. (Stealth+)))
You have tentacles for arms and can constrict up to eight enemies at once.


Message History

You start resting.
You hear the faint creaking of a very distant portcullis.
You start resting.
You hear the faint creaking of a very distant portcullis.
You start resting.
A centaur comes into view.
An orc wizard comes into view. It is wielding a +0 dagger.
Throw: 4 darts (poison)
Press: ? - help, Q - select action, (/) - cycle Shift-Dir - straight line, f - centaur
Aim: a centaur, quivering arrows (wandering, hasn't noticed you, 71% to hit)
You throw a poisoned dart. The poisoned dart hits the centaur.
The centaur is poisoned.
The centaur shouts!
You hear a shout! x2
The centaur wields a +0 shortbow.
The centaur shoots an arrow.
The arrow barely misses you.
An orc priest comes into view. It is wielding a +0 short sword.
The centaur shoots an arrow.
The arrow hits you!
An orc comes into view. It is wielding a +0 whip.
The centaur shoots an arrow.
The arrow barely misses you.
The orc moves out of view.
You hear a shout!
You hear a shout!
The centaur shoots an arrow.
The arrow hits you.
An orc comes into view. It is wielding a +0 whip.
You hear a shout!
You hear an angry buzzing noise.
An orc comes into view. It is wielding a +0 falchion.
The centaur shoots an arrow.
The arrow hits you!
The orc wizard gestures wildly while chanting.
The orc wizard flickers and vanishes!
Deactivating autopickup; reactivate with Ctrl-A.
The centaur shoots an arrow.
The arrow hits you!
You feel much better.
The centaur shoots an arrow.
The arrow hits you.
The centaur shoots an arrow.
The arrow hits you!
The centaur shoots an arrow.
The arrow hits you!
* * * LOW HITPOINT WARNING * * *
The centaur shoots an arrow.
The arrow misses you.
The orc priest mumbles some strange prayers to Beogh against you.
Pain shoots through your body!
You die...

#.....#
####.## #.#
#.# #.# #.#
#######.# #
........####.#
#........@.o.#
#.####...##c.#
#.###....# #.#
#...o.. ...
..#... .##
.#..... .#
.o.. .( ....
#.


You could see a centaur, an orc priest and an orc.

Levels and vault maps discovered:
D:1:      zelgadis_glass_arrival_small, layout_basic, serial_shops, shop,
          minmay_tetromino_o4
D:2:      layout_loops_ring, kennysheep_generic_room_3
D:3:      layout_basic, basic_ecumenical_altar
D:4:      layout_loops_ring, gammafunk_temple_overflow_claw, serial_shops,
          nicolae_shop_behind_doors, minmay_ruptured, uniq_natasha, uniq_pikel,
          uniq_duvessa
D:5:      layout_loops_ring, ebering_ghost_sewer_d, serial_shops, shop,
          lightli_ossuary_entry_decrepit_ruins
D:6:      minmay_klotski, layout_cave_pools, uniq_menkaure, uniq_blork_the_orc
D:7:      layout_loops_ring, minmay_temple_entry_statues_fountains,
          nicolae_shop_gadgets
D:8:      layout_basic, lair_entry_dummy, nicolae_shop_firing_range, uniq_erica,
          uniq_joseph, uniq_harold
D:9:      layout_loops_ring, erik_orc_4, enter_bailey_3, uniq_gastronok

Notes
Turn   | Place    | Note
-------+----------+-------------------------------------------
     0 | Abyss:1  | ABBCCCDDDD the Octopode Abyssal Knight began the quest for
                  | the Orb.
     0 | Abyss:1  | Reached XP level 1. HP: 16/16 MP: 2/2
    90 | Abyss:2  | Noticed a neqoxec
   107 | Abyss:2  | Noticed a ynoxinul
   108 | Abyss:2  | Noticed a starcursed mass
   109 | D:1      | Escaped the Abyss
   268 | D:1      | Reached * piety under Lugonu
   304 | D:1      | Found Qimil's Magic Scroll Boutique.
   308 | D:1      | Bought a scroll of teleportation for 42 gold pieces
   308 | D:1      | Bought a scroll of identify for 28 gold pieces
   316 | D:1      | Reached XP level 2. HP: 21/21 MP: 3/3
   622 | D:1      | Reached XP level 3. HP: 19/26 MP: 5/5
  1406 | D:2      | Reached ** piety under Lugonu
  1417 | D:2      | Reached XP level 4. HP: 27/33 MP: 6/6
  1575 | D:2      | Reached skill level 1 in Short Blades
  2420 | D:3      | Found a faded altar of an unknown god.
  2511 | D:3      | Reached skill level 1 in Stealth
  2511 | D:3      | Reached XP level 5. HP: 37/37 MP: 7/7
  2946 | D:4      | Found an opulent altar of Gozag.
  2946 | D:4      | Found a shimmering blue altar of Sif Muna.
  2946 | D:4      | Found a burning altar of Makhleb.
  3034 | D:4      | Found Minas's Assorted Antiques.
  3037 | D:4      | Bought a viscous grey potion for 27 gold pieces
  3037 | D:4      | Bought a scroll labelled ZIATASCH GURAAMN for 31 gold
                  | pieces
  3037 | D:4      | Bought a scroll labelled LUBOOBIEWI for 31 gold pieces
  3103 | D:4      | Noticed a lemure
  3103 | D:4      | Noticed a lemure
  3103 | D:4      | Noticed a lemure
  3104 | D:4      | Noticed Pikel
  3105 | D:4      | Noticed a lemure
  3132 | D:4      | Reached *** piety under Lugonu
  3165 | D:3      | Killed a lemure
  3344 | D:4      | Killed Pikel
  3345 | D:4      | Reached skill level 5 in Fighting
  3345 | D:4      | Reached skill level 5 in Invocations
  3345 | D:4      | Reached XP level 6. HP: 33/45 MP: 7/9
  3345 | D:4      | Reached XP level 7. HP: 36/50 MP: 7/10
  3501 | D:4      | Noticed Natasha
  3527 | D:4      | Killed Natasha
  3556 | D:4      | Noticed Natasha
  3560 | D:4      | Killed Natasha
  3595 | D:4      | Noticed Natasha
  3606 | D:4      | Killed Natasha
  3767 | D:4      | Reached skill level 5 in Stealth
  3912 | D:4      | Noticed Duvessa
  3913 | D:4      | Noticed Dowan
  3927 | D:4      | Killed Duvessa
  3928 | D:4      | Reached XP level 8. HP: 31/56 MP: 12/12
  3928 | D:4      | Killed Dowan
  4248 | D:4      | Learned a level 3 spell: Mephitic Cloud
  4305 | D:5      | Entered Level 5 of the Dungeon
  4416 | D:5      | Found a sand-covered staircase.
  4424 | Ossuary  | Entered an ossuary
  5300 | D:5      | Reached skill level 1 in Air Magic
  5300 | D:5      | Reached skill level 1 in Poison Magic
  5307 | D:5      | Reached **** piety under Lugonu
  5316 | D:5      | Reached skill level 1 in Conjurations
  5426 | D:5      | Found Cucweix's Assorted Antiques.
  5433 | D:5      | Bought a notched steel ring for 125 gold pieces
  5433 | D:5      | Bought an ivory wand for 100 gold pieces
  5433 | D:5      | Bought a sedimented black potion for 22 gold pieces
  5433 | D:5      | Bought a scroll of identify for 50 gold pieces
  5433 | D:5      | Bought a wooden wand for 100 gold pieces
  5476 | D:5      | Reached skill level 1 in Spellcasting
  5610 | D:5      | Found a runed translucent door.
  5612 | D:5      | Noticed DiogoH's ghost (novice GrFi)
  5632 | D:6      | Noticed Menkaure
  5637 | D:6      | Killed Menkaure
  5834 | D:6      | Noticed Blork the orc
  5959 | D:6      | Reached XP level 9. HP: 55/62 MP: 13/13
  6184 | D:6      | Killed Blork the orc
  6847 | D:7      | Reached skill level 5 in Evocations
  7465 | D:7      | Found Kenatapp's Gadget Gallery.
  8702 | D:7      | Found a staircase to the Ecumenical Temple.
  9048 | D:8      | Noticed Harold
  9141 | D:8      | Noticed Erica
  9144 | D:8      | Reached XP level 10. HP: 35/68 MP: 15/15
  9617 | D:9      | Killed from afar by an orc priest

Table legend: (Time is in decaauts)
 A = Elapsed time spent in this place.
 B = Non-inter-level travel time spent in this place.
 C = Inter-level travel time spent in this place.
 D = Time resting spent in this place.
 E = Time spent auto-exploring this place.
 F = Levels seen in this place.
 G = Mean time per level.
                   A        B        C        D        E       F      G
               +--------+--------+--------+--------+--------+-----+--------+
         Total |   9575 |   9289 |    286 |   2995 |   4021 |  12 |  797.9 |
       Dungeon |   8877 |   8591 |    286 |   2706 |   3870 |   9 |  986.3 |
         Abyss |    108 |    108 |      0 |      0 |     52 |   2 |   54.0 |
       Ossuary |    589 |    589 |      0 |    289 |     99 |   1 |  589.0 |
               +--------+--------+--------+--------+--------+-----+--------+

Top non-repeatable levels by time:
     D:7: 1790 daAuts
     D:6: 1389 daAuts
     D:4: 1298 daAuts
     D:1: 1292 daAuts
     D:5: 1148 daAuts
     D:3: 898 daAuts
     D:2: 698 daAuts
 Ossuary: 589 daAuts
     D:9: 185 daAuts
     D:8: 175 daAuts
 Abyss:1: 72 daAuts
 Abyss:2: 36 daAuts

Table legend:
 A = Kills in this place as a percentage of kills in entire the game.
 B = Kills by you in this place as a percentage of kills by you in the entire game.
 C = Kills by friends in this place as a percentage of kills by friends in the entire game.
 D = Other kills in this place as a percentage of other kills in the entire game.
 E = Experience gained in this place as a percentage of experience gained in the entire game.
 F = Experience gained in this place divided by the number of levels of this place that you have seen.
                   A       B       C       D       E      F
               +-------+-------+-------+-------+-------+----------------------
         Total | 100.0 | 100.0 |   N/A | 100.0 | 100.0 | 409.8
       Dungeon |  91.1 |  91.1 |   N/A | 100.0 |  96.9 | 529.2
       Ossuary |   8.9 |   8.9 |   N/A |   0.0 |   3.1 | 154.0
               +-------+-------+-------+-------+-------+----------------------

Action                   |  1- 3 |  4- 6 |  7- 9 | 10-12 || total
-------------------------+-------+-------+-------+-------++-------
Melee: Unarmed           |    41 |       |       |       ||    41
       Constrict         |    20 |    24 |    70 |     3 ||   117
       Tentacles         |    12 |    17 |    89 |     3 ||   121
       Short sword       |    35 |    24 |       |       ||    59
       Punch             |     1 |       |     9 |       ||    10
       Dagger            |       |    88 |   384 |    22 ||   494
Throw: Boomerang         |       |     9 |       |       ||     9
       Dart              |       |       |     1 |     1 ||     2
 Cast: Mephitic Cloud    |       |       |     1 |     2 ||     3
Invok: Depart the Abyss  |     1 |       |       |       ||     1
Evoke: Wand              |       |     2 |    24 |       ||    26
  Use: Scroll            |     1 |       |     7 |     1 ||     9
       Potion            |       |       |     3 |     5 ||     8
 Stab: Sleeping          |     6 |    11 |    17 |       ||    34
       Confused          |       |       |     1 |     1 ||     2
Armor: Skin              |     8 |    12 |    69 |     8 ||    97
Dodge: Dodged            |    53 |    69 |   221 |    35 ||   378

Vanquished Creatures
  Pikel (D:4)
  A yak (D:6)
  A wyvern (D:8)
  Menkaure (D:6)
  2 water moccasins
  Duvessa (D:4)
  An orc warrior (D:7)
  A black bear (D:6)
  A necrophage (D:8)
  An ice beast (D:7)
  A centaur (D:7)
  A lemure (D:3)
  A kobold brigand (D:6)
  A wyvern zombie (D:6)
  Blork the orc (D:6)
  A bullfrog (D:9)
  A gnoll sergeant (D:7)
  Dowan (D:4)
  3 scorpions
  A water moccasin zombie (D:7)
  A water moccasin skeleton (D:6)
  5 killer bees (D:7)
  4 wights (D:7)
  A howler monkey (D:5)
  A bullfrog zombie (D:5)
  2 hounds
  An orc priest (D:7)
  A jelly (D:6)
  2 iguanas (D:6)
  A scorpion zombie (D:5)
  Natasha (thrice) (D:4)
  A killer bee zombie (D:7)
  A howler monkey zombie (D:5)
  8 mummies (Ossuary)
  7 gnolls
  11 adders
  A shadow imp (D:7)
  An ufetubus (D:4)
  2 dart slugs
  15 orcs
  7 endoplasms
  3 giant cockroaches
  3 gnoll zombies (Ossuary)
  12 hobgoblins
  10 jackals
  7 kobolds
  5 quokkas
  6 ball pythons
  10 bats
  6 frilled lizards
  8 goblins
  2 hobgoblin zombies (Ossuary)
  A kobold zombie (Ossuary)
  2 orc zombies (Ossuary)
  7 rats
181 creatures vanquished.
